 Dungeon Crawl Stone Soup version 0.26-a0-393-g67388ea477 (webtiles) character file.

Game seed: 1905526442758859392

(classic levelgen) 297668 EnegeticOcto the Swashbuckler (level 21, -15/139 HPs)
             Began as a Kobold Artificer on July 22, 2020.
             Was the Champion of Makhleb.
             Killed from afar by a deep elf annihilator (48 damage)
             ... with an iron shot
             ... on level 3 of the Elven Halls.
             The game lasted 01:42:49 (47430 turns).

EnegeticOcto the Swashbuckler (Kobold Artificer)   Turns: 47430, Time: 01:42:49

Health: -15/139    AC: 24    Str: 16    XL:     21   Next: 84%
Magic:  25/25      EV: 11    Int: 14    God:    Makhleb [******]
Gold:   4571       SH: 24    Dex: 17    Spells: 19/20 levels left

rFire    + . .     SeeInvis .   b - +8 arc blade {discharge, rElec}
rCold    + . .     Faith    .   E - +5 kite shield {rF+}
rNeg     + . .     Spirit   .   T - +2 plate armour {rC+}
rPois    +         Reflect  +   Q - +2 hat {MR+}
rElec    +         Harm     .   r - +0 cloak
rCorr    .                      G - +2 pair of gloves
MR       +++..                  J - +0 pair of boots
Stlth    +.........             S - amulet of reflection
HPRegen  0.33/turn              H - ring of poison resistance
MPRegen  0.19/turn              O - ring "Ruuzxuaj" {rN+ MR+}

@: lethally poisoned (-15 -> -16), about to teleport
A: small
}: 2/15 runes: barnacled, gossamer
a: Minor Destruction, Lesser Servant of Makhleb, Major Destruction, Greater
Servant of Makhleb, Renounce Religion


You were on level 3 of the Elven Halls.
You worshipped Makhleb.
Makhleb was exalted by your worship.
You visited 7 branches of the dungeon, and saw 35 of its levels.
You also visited: Ossuary and Bailey.

You collected 7013 gold pieces.
You spent 2442 gold pieces at shops.

Inventory:

Hand Weapons
 a - a +9 rapier of venom
 b - the +8 arc blade (weapon) {discharge, rElec}
   (You found it on level 12 of the Dungeon)

   It insulates you from electricity.
 c - a +5 rapier of speed
 I - the +7 rapier of the Spectre {flame, SInv}
   (You acquired it on level 14 of the Dungeon)

   It has been specially enchanted to burn those struck by it, causing extra
   injury to most foes and up to half again as much damage against particularly
   susceptible opponents.
   It lets you see invisible.
Missiles
 g - 153 boomerangs (quivered)
 t - 10 throwing nets {!f}
 w - 59 poisoned darts
 B - 24 silver boomerangs
 W - 3 curare-tipped darts
Armour
 r - a +0 cloak (worn)
 E - a +5 kite shield of fire resistance (worn)
 G - a +2 pair of gloves (worn)
 J - a +0 pair of boots (worn)
 Q - a +2 hat of magic resistance (worn)
 T - a +2 plate armour of cold resistance (worn)
Jewellery
 H - a ring of poison resistance (left hand)
 O - the ring "Ruuzxuaj" (right hand) {rN+ MR+}
   (You found it on level 11 of the Dungeon)

   [ring of positive energy]

   It protects you from negative energy.
   It affects your resistance to hostile enchantments.
 S - an amulet of reflection (around neck)
Wands
 d - a wand of enslavement (18)
 e - a wand of random effects (39)
 k - a wand of digging (14) {@v3}
 y - a wand of polymorph (30)
 A - a wand of iceblast (48) {@v2}
 L - a wand of flame (97) {@v4}
 U - a wand of disintegration (10)
 Y - a wand of acid (1) {@v1}
Scrolls
 f - 16 scrolls of remove curse {@r2}
 l - 5 scrolls of magic mapping {@r5 !r}
 n - 3 scrolls of identify {@r1}
 q - a scroll of fog {!r}
 u - 8 scrolls of noise
 D - 7 scrolls of immolation
 P - a scroll of holy word
 R - 7 scrolls of teleportation {@r3 !r}
 Z - a scroll of summoning
Potions
 h - 5 potions of stabbing {@q5 !q}
 i - a potion of invisibility
 j - 4 potions of ambrosia
 m - 6 potions of haste {@q4 !q}
 o - a potion of berserk rage
 p - 2 potions of cancellation
 s - 7 potions of magic
 v - a potion of heal wounds {@q2 !q}
 x - 15 potions of curing {@q1 !q}
 z - 10 potions of lignification {@q6}
 C - 2 potions of might {@q3 !q}
 F - 4 potions of resistance
 X - a potion of mutation
Miscellaneous
 K - a lightning rod (4/4)
 N - a tin of tremorstones (inert)


   Skills:
 + Level 17.1 Fighting
 - Level 20.1 Short Blades
   Level 14.0 Staves
   Level 5.1(6.5) Slings
 + Level 6.6(7.6) Throwing
 - Level 10.0 Armour
 - Level 10.0 Dodging
 + Level 13.1 Stealth
 * Level 13.4 Shields
 - Level 6.0 Invocations
 - Level 12.0 Evocations


You had 19 spell levels left.
You knew the following spells:

 Your Spells              Type           Power        Failure   Level
a - Apportation           Tloc           #.....       100%        1

Your spell library contained the following spells:

 Spells                   Type           Power        Failure   Level
 Animate Skeleton         Necr           #.....       100%        1
 Corona                   Hex            #......      100%        1
 Foxfire                  Conj/Fire      #...         100%        1
 Magic Dart               Conj           #...         100%        1
 Shock                    Conj/Air       #...         100%        1
 Summon Small Mammal      Summ           #...         100%        1
 Ensorcelled Hibernation  Hex/Ice        #.....       100%        2
 Poisonous Vapours        Pois/Air       #.....       100%        2
 Swiftness                Air            #.......     100%        2
 Confusing Touch          Hex            #.......     100%        3
 Conjure Flame            Conj/Fire      #.......     100%        3
 Dazzling Flash           Conj/Hex       #.....       100%        3
 Gell's Gravitas          Tloc           #.........   100%        3
 Ignite Poison            Fire/Tmut/Pois #.......     100%        3
 Mephitic Cloud           Conj/Pois/Air  #.......     100%        3
 Static Discharge         Conj/Air       #.......     100%        3
 Summon Guardian Golem    Hex/Summ       #.......     100%        3
 Tukima's Dance           Hex            #.......     100%        3
 Airstrike                Air            #.........   100%        4
 Cause Fear               Hex            #.........   100%        4
 Leda's Liquefaction      Hex/Erth       #.........   100%        4
 Petrify                  Tmut/Erth      #.......     100%        4
 Bolt of Magma            Conj/Fire/Erth #.........   100%        5
 Lightning Bolt           Conj/Air       #.........   100%        5
 Metabolic Englaciation   Hex/Ice        #.........   100%        5
 Silence                  Hex/Air        #.........   100%        5
 Summon Demon             Summ           #.........   100%        5
 Summon Forest            Summ/Tloc      #.........   100%        5
 Summon Mana Viper        Hex/Summ       #.......     100%        5
 Yara's Violent Unravell  Hex/Tmut       #.........   100%        5
 Freezing Cloud           Conj/Ice/Air   #.........   100%        6
 Iron Shot                Conj/Erth      #.........   100%        6
 Shadow Creatures         Summ           N/A          100%        6
 Statue Form              Tmut/Erth      #........    100%        6
 Dragon Form              Tmut           #.........   100%        7
 Summon Hydra             Summ           #.........   100%        7
 Discord                  Hex            #.........   100%        8
 Ignition                 Fire           #.........   100%        8
 Dragon's Call            Summ           #.........   100%        9
 Shatter                  Erth           #.........   100%        9


Dungeon Overview and Level Annotations

Branches:
Dungeon (15/15)            Temple (1/1) D:4            Lair (6/6) D:9
 Shoals (4/4) Lair:3       Spider (4/4) Lair:2        Slime (0/5) Lair:6
    Orc (2/2) D:12            Elf (3/3) Orc:2        Vaults (0/5) D:13
 Depths (0/5) D:15        Ossuary (visited)          Bailey (visited)

Altars:
Ashenzari
Cheibriados
Dithmenos
Elyvilon
Fedhas
Hepliaklqana
Kikubaaqudgha
Makhleb
Nemelex Xobeh
Okawaru
Qazlal
Ru
Sif Muna
Trog
Uskayaw
Vehumet
Wu Jian
Xom
Yredelemnul
Zin
The Shining One

Shops:
D:11 }   Orc:1 *   Orc:2 !*}([   Elf:1 *   Shoals:2 :

Portals:
Pandemonium: Orc:2

Annotations:
D:3 exclusion: door
D:7 exclusion: oklob plant
Lair:3 exclusion: oklob plant
Lair:6 2 transporters, Askman's ghost, novice TrMo
Spider:1 3 runed translucent doors, qipq's ghost, journeyman DEEE
Spider:4 Roxanne
Elf:2 4 runed translucent doors
Elf:3 1 exclusion


Message History

Something smites you!
You barely miss the small abomination.
The small abomination is severely damaged.
You feel sick.
The deep elf mage gestures at you while chanting.
The bolt of fire hits you! You resist.
You block the small abomination's attack.
You feel sick.
Items here: ( ))) [[ † Your resistance to elements expires.
You feel sick.
The deep elf annihilator is empowered by the deep elf high priest's aura!
The deep elf high priest invokes the aid of its god against you.
Something smites you!
A deep elf annihilator comes into view. It is wielding a +0 rapier.
You block the small abomination's attack.
You hear a shout!
You hit the deep elf high priest.
The deep elf high priest is lightly wounded.
You feel sick.
The deep elf death mage is empowered by the deep elf high priest's aura!
You block the deep elf high priest's attack.
You block the small abomination's attack.
The deep elf annihilator mumbles some strange words.
The deep elf annihilator blinks!
The deep elf death mage mumbles some strange words.
The corpses begin to drag themselves along the ground!
The deep elf mage hits you but does no damage. 2 crawling corpses come into view.
You puncture the deep elf high priest!
The deep elf high priest is heavily wounded.
You block the small abomination's attack.
You puncture the deep elf high priest!
The deep elf high priest is severely wounded.
A deep elf demonologist comes into view.
It is wielding the +7 mace of Variability {chain chaos} and wearing a +2 leather armour of poison resistance.
The deep elf annihilator gestures wildly while chanting.
The deep elf annihilator blinks!
The deep elf annihilator is empowered by the deep elf high priest's aura!
The deep elf demonologist is empowered by the deep elf high priest's aura!
The deep elf high priest utters a dark prayer and points at you.
Your life force is offered up.
The deep elf high priest is healed.
The small abomination is healed.
The deep elf mage is healed.
You hit the deep elf high priest but do no damage.
The deep elf high priest is heavily wounded.
You feel sick. You block the deep elf mage's attack.
The small abomination hits you but does no damage.
A crawling corpse merges with a small abomination to form a large abomination.
A crawling corpse comes into view.
A crawling corpse merges with a large abomination.
The deep elf annihilator casts a spell at you.
The poison arrow misses you.
The deep elf annihilator gestures wildly while chanting.
The deep elf annihilator blinks!
The deep elf demonologist gestures wildly while chanting.
You barely miss the deep elf high priest.
The deep elf high priest is heavily wounded.
The deep elf annihilator is empowered by the deep elf high priest's aura!
You block the deep elf high priest's attack.
You closely miss the deep elf high priest.
The deep elf high priest is heavily wounded.
You feel sick.
The deep elf mage gestures wildly while chanting.
The deep elf mage blinks!
Really read
R - 8 scrolls of teleportation {@r3 !r}?
As you read the scroll of teleportation {@r3 !r}, it crumbles to dust.
You feel strangely unstable.
The deep elf mage casts a spell.
The deep elf mage blinks!
The deep elf annihilator mumbles some strange words.
The deep elf annihilator blinks!
The deep elf death mage beckons forth a restless soul!
You puncture the deep elf high priest!
The deep elf high priest is almost dead.
You feel sick.
You block the deep elf high priest's attack.
Evoke which item? (* to show all) (? for menu, Esc to quit)
Okay, then.
Really quaff
v - 2 potions of heal wounds {@q2 !q}?
You feel much better.
You block the large abomination's attack.
The deep elf annihilator mumbles some strange words.
The deep elf annihilator blinks!
You block the hell beast's attack. The hell beast tramples you.
You hold your ground!
The deep elf high priest utters a dark prayer and points at you.
Your life force is offered up.
The deep elf high priest is healed.
The large abomination is healed.
The deep elf mage is healed.
You impale the deep elf high priest!!
The lost soul assumes the form of the deep elf high priest and becomes anchored to this world!
You feel sick.
The deep elf annihilator gestures at you while chanting.
The poison arrow reflects off an invisible shield around you!
The poison arrow hits the large abomination.
The large abomination partially resists.
The deep elf demonologist gestures wildly while chanting.
You block the hell beast's attack. The hell beast tramples you!
You hold your ground!
The large abomination hits you!!
* * * LOW HITPOINT WARNING * * *
The deep elf annihilator points at you and mumbles some strange words.
The iron shot hits you!!!
You die...

##..... .....#
#./..# #....##
#.....## #...4e##
#.)....#########
#.e))e@)()....#)
#.)..2eXe..⌠..'.
##))...e......###...
##..........###..e.
##......x.........
##...............
###.....)..).. #
###.....). ### .
####)### ###..


You could see a hell beast (summoned), 2 deep elf annihilators, a deep elf death
mage (empowered), a deep elf demonologist (empowered), a ghostly deep elf high
priest (brilliance aura), a large abomination, an ice devil (summoned), a deep
elf mage (empowered) and a crawling corpse.

Vanquished Creatures
  Mara (Spider:3)
  Bai Suzhen (Elf:3)
  Saint Roka (Elf:2)
  Nikola (Spider:2)
  Arachne (Spider:1)
  Rupert (D:13)
  A titan (Shoals:2)
  2 deep elf blademasters (Elf:3)
  A deep elf master archer (Elf:3)
  Polyphemus (Shoals:4)
  Gastronok (Lair:1)
  Kirke (Spider:4)
  Ilsuiw (Shoals:4)
  2 deep elf sorcerers (Elf:3)
  7 emperor scorpions
  3 ghost moths
  Louise (Spider:4)
  A deep elf elementalist (Elf:3)
  4 deep elf demonologists
  A spark wasp (Spider:4)
  3 deep elf annihilators
  8 merfolk javelineers
  13 merfolk impalers
  7 deep elf death magi
  The ghost of P0WERM0DE the Champion of Chaos, a journeyman DDFi of Makhleb (Orc:1)
  Josephine (D:13)
  2 merfolk avatars
  5 hydras
  6 merfolk aquamancers
  A catoblepas (Shoals:4)
  4 centaur warriors
  An alligator snapping turtle (Shoals:3)
  7 death yaks
  12 dancing weapons
  3 tengu warriors
  8 death scarabs (Spider:4)
  2 two-headed ogres
  7 satyrs
  14 deep elf knights
  A shock serpent (D:12)
  5 orc high priests (Orc:2)
  2 soul eaters (Orc:2)
  2 spectral emperor scorpions (Spider:4)
  14 sea snakes
  An infernal demonspawn (Orc:2)
  A wizard (D:15)
  11 orc knights
  2 torturous demonspawn (Orc:2)
  2 unseen horrors
  3 spectral wolf spiders (Spider:4)
  25 harpies
  A lindwurm (D:13)
  A wolf spider zombie (Spider:4)
  8 deep elf archers
  A necromancer (D:15)
  36 wolf spiders
  11 ugly things
  17 orb spiders
  50 deep elf magi
  7 fauns
  12 orc sorcerers
  10 cyclopes
  16 manticores
  3 moths of wrath
  2 elephants (Lair:5)
  3 water nymphs
  14 merfolk sirens
  3 black mambas
  2 torpor snails
  Psyche (D:8)
  3 spectral redbacks (Spider:4)
  12 cane toads
  10 centaur skeletons
  4 gargoyles
  A rime drake (Lair:4)
  15 demonic crawlers
  A redback zombie (Spider:4)
  6 komodo dragons
  2 efreet
  A tengu conjurer (D:11)
  2 freezing wraiths (D:15)
  6 meliai
  9 trolls
  A harpy zombie (D:15)
  55 merfolk
  53 jumping spiders
  8 hornets
  4 polar bears (Lair:6)
  3 wind drakes
  6 blink frogs
  7 spectral tarantellas (Spider:4)
  8 slime creatures (D:15)
  2 raiju (D:12)
  4 spectral jumping spiders (Spider:4)
  11 snapping turtles
  14 dream sheep
  3 jumping spider zombies (Spider:4)
  A tarantella zombie (Spider:4)
  15 hippogriffs
  11 spriggans (Lair:6)
  3 shadows
  5 wraiths (D:13)
  65 redbacks
  11 water elementals
  34 tarantellas
  38 yaks
  A vampire (D:14)
  2 air elementals (Elf:3)
  3 basilisks
  2 hogs (Spider:4)
  3 chaos spawn
  4 fire elementals
  5 vampire mosquitoes
  3 wargs
  A soldier ant (D:14)
  10 water moccasins
  8 porcupines
  54 orc warriors
  6 black bears
  A meliai simulacrum (D:15)
  A hornet zombie (D:10)
  A phantom (D:9)
  A sky beast (D:14)
  2 necrophages
  4 ice beasts
  15 ogres
  24 wolves
  4 boggarts
  12 centaurs
  23 bullfrogs
  16 crocodiles
  3 big kobolds
  4 earth elementals
  3 scorpions
  4 killer bees (D:7)
  18 wights
  5 electric eels (D:9)
  A howler monkey (D:7)
  A quasit (D:9)
  A wyvern simulacrum (D:15)
  7 centaur zombies
  10 hounds
  16 jellies
  29 orc priests
  24 orc wizards
  2 bullfrog zombies
  A gnoll shaman (D:9)
  4 iguanas
  4 hell rats (Lair:2)
  11 worker ants
  A big kobold zombie (Ossuary)
  A hound zombie (D:10)
  A hound skeleton (D:7)
  6 mummies
  A worker ant zombie (D:10)
  9 adders
  14 gnolls
  A shadow imp (D:9)
  A white imp (D:5)
  2 ufetubi
  5 oozes
  An adder skeleton (D:7)
  2 adder zombies
  2 worms (D:2)
  A dart slug (D:2)
  6 leopard geckos
  120 orcs
  7 giant cockroaches
  2 gnoll zombies (Ossuary)
  11 goblins
  8 hobgoblins
  12 jackals
  5 quokkas
  2 ball pythons
  5 bats
  7 frilled lizards
  A giant cockroach zombie (D:6)
  A goblin zombie (Ossuary)
  A hobgoblin zombie (Ossuary)
  18 kobolds
  A kobold zombie (Ossuary)
  A leopard gecko skeleton (D:5)
  A leopard gecko zombie (D:6)
  An orc zombie (Ossuary)
  2 quokka zombies
  5 rats
  2 crawling corpses (Elf:3)
  A fungus (Lair:6)
  7 plants
1468 creatures vanquished.

Vanquished Creatures (collateral kills)
  An entropy weaver (Spider:3)
  A catoblepas (Lair:3)
  An unseen horror (D:12)
  An orb spider (Spider:2)
  3 elephants (Lair:5)
  A cane toad (Lair:5)
  A demonic crawler (Lair:2)
  4 raiju (D:12)
  2 yaks (Lair:3)
  An orc warrior (D:12)
  2 bullfrogs
  A centaur zombie (D:12)
  An orc wizard (D:12)
  A hobgoblin (D:2)
21 creatures vanquished.

Vanquished Creatures (others)
  A harpy (Shoals:4)
  A deep elf mage (Elf:2)
  A wolf spider (Spider:3)
  A raiju (D:12)
  2 jumping spiders (Spider:3)
  A merfolk (Shoals:4)
  An air elemental (Elf:2)
  3 humans (Spider:4)
  A vampire mosquito (D:9)
  An orc warrior (Elf:2)
  A gnoll (D:5)
  An orc (Elf:2)
  4 fungi
  8 plants
27 creatures vanquished.

Grand Total: 1516 creatures vanquished

Notes
Turn   | Place    | Note
-------+----------+-------------------------------------------
     0 | D:1      | EnegeticOcto the Kobold Artificer began the quest for the
                  | Orb.
     0 | D:1      | Reached XP level 1. HP: 12/12 MP: 1/1
   194 | D:1      | Reached skill level 2 in Stealth
   434 | D:1      | Reached XP level 2. HP: 16/16 MP: 2/2
   506 | D:1      | Reached skill level 3 in Stealth
  1210 | D:2      | Reached skill level 2 in Fighting
  1210 | D:2      | Reached XP level 3. HP: 18/22 MP: 3/3
  1794 | D:1      | Reached skill level 3 in Fighting
  2154 | D:2      | Reached XP level 4. HP: 26/28 MP: 4/4
  2243 | D:2      | Reached skill level 4 in Evocations
  2563 | D:2      | Reached skill level 1 in Throwing
  2782 | D:2      | Reached skill level 2 in Throwing
  2997 | D:2      | Reached XP level 5. HP: 22/32 MP: 5/5
  3493 | D:3      | Reached skill level 3 in Throwing
  3572 | D:3      | Found a shimmering blue altar of Sif Muna.
  3720 | D:3      | Found a faded altar of an unknown god.
  3785 | D:3      | Found a radiant altar of Vehumet.
  4479 | D:3      | Reached XP level 6. HP: 37/37 MP: 6/6
  4656 | D:3      | Found a bloodstained altar of Trog.
  4658 | D:3      | Found a basalt altar of Yredelemnul.
  4708 | D:3      | Found a shimmering altar of Xom.
  4832 | D:3      | Reached skill level 4 in Throwing
  4832 | D:3      | Reached skill level 4 in Stealth
  5085 | D:4      | Found a staircase to the Ecumenical Temple.
  5096 | Temple   | Entered the Ecumenical Temple
  5221 | Temple   | Became a worshipper of Makhleb the Destroyer
  5370 | D:4      | Found a shadowy altar of Dithmenos.
  6012 | D:5      | Entered Level 5 of the Dungeon
  6078 | D:5      | Reached skill level 1 in Invocations
  6164 | D:5      | Noticed an ogre
  6175 | D:5      | Killed an ogre
  6175 | D:5      | Reached skill level 5 in Stealth
  6175 | D:5      | Reached skill level 2 in Invocations
  6182 | D:5      | Reached XP level 7. HP: 23/41 MP: 6/8
  6220 | D:5      | Found a sand-covered staircase.
  6317 | Ossuary  | Entered an ossuary
  6987 | Ossuary  | Reached skill level 1 in Slings
  7013 | Ossuary  | Reached skill level 6 in Stealth
  7243 | D:5      | Reached skill level 3 in Invocations
  7381 | D:5      | Reached skill level 2 in Slings
  7643 | D:5      | Reached skill level 4 in Invocations
  7759 | D:5      | Reached XP level 8. HP: 39/46 MP: 11/11
  7802 | D:5      | Reached skill level 3 in Slings
  8599 | D:5      | Reached skill level 5 in Invocations
  8704 | D:5      | Reached * piety under Makhleb
  8833 | D:6      | Reached skill level 4 in Slings
  8972 | D:6      | Reached skill level 6 in Invocations
  9308 | D:6      | Reached skill level 3 in Dodging
  9431 | D:6      | Found an ancient bone altar of Kikubaaqudgha.
  9634 | D:6      | Found a glowing golden altar of the Shining One.
  9678 | D:6      | Reached XP level 9. HP: 47/52 MP: 13/13
  9945 | D:7      | Found a bloodstained altar of Trog.
 10030 | D:7      | Reached skill level 4 in Fighting
 10030 | D:7      | Reached skill level 5 in Slings
 10324 | D:7      | Reached skill level 4 in Dodging
 10456 | D:7      | Got a jewelled scale mail
 10467 | D:7      | Identified the +3 scale mail of Conscience {rElec Regen+
                  | Str+3} (You found it on level 7 of the Dungeon)
 10605 | D:7      | Reached skill level 1 in Staves
 10635 | D:7      | Noticed a hippogriff
 10663 | D:7      | Killed a hippogriff
 10697 | D:7      | Reached ** piety under Makhleb
 10764 | D:7      | Reached skill level 5 in Fighting
 10764 | D:7      | Reached skill level 5 in Dodging
 10765 | D:7      | Reached skill level 2 in Staves
 10855 | D:7      | Found a sacrificial altar of Ru.
 11122 | D:7      | Found a blossoming altar of Fedhas.
 11142 | D:7      | Noticed an oklob plant
 11366 | D:8      | Noticed Psyche
 11368 | D:8      | Killed Psyche
 11368 | D:8      | Reached skill level 6 in Fighting
 11368 | D:8      | Reached skill level 3 in Staves
 11453 | D:8      | Reached skill level 4 in Staves
 11584 | D:8      | Reached XP level 10. HP: 60/60 MP: 14/14
 11591 | D:8      | Reached skill level 5 in Staves
 11840 | D:8      | Reached skill level 6 in Staves
 11988 | D:8      | Found a sparkling altar of Nemelex Xobeh.
 12334 | D:8      | Reached *** piety under Makhleb
 12454 | D:8      | Reached skill level 7 in Staves
 12958 | D:9      | Reached skill level 8 in Staves
 13187 | D:9      | Found a hide-covered altar of Uskayaw.
 13477 | D:9      | Found a staircase to the Lair.
 13829 | D:10     | Entered Level 10 of the Dungeon
 13854 | D:10     | Reached skill level 9 in Staves
 13985 | D:9      | Reached XP level 11. HP: 57/64 MP: 15/15
 14078 | D:10     | Reached skill level 1 in Armour
 14251 | D:10     | Learned a level 1 spell: Apportation
 14611 | D:10     | Killed an unseen horror
 14647 | D:10     | Reached skill level 2 in Armour
 15038 | D:11     | Reached skill level 10 in Staves
 15171 | D:10     | Reached **** piety under Makhleb
 15412 | D:11     | Got a transparent scale mail
 15474 | D:11     | Identified the Tome of Blistering Battle Magic
 15559 | D:11     | Reached skill level 5 in Evocations
 15738 | D:11     | Found Keol Cua's Gadget Emporium.
 15746 | D:11     | Bought a wand of paralysis (9) for 132 gold pieces
 15746 | D:11     | Bought a tin of tremorstones (3/3) for 480 gold pieces
 15787 | D:11     | Got a transparent ivory ring
 15789 | D:11     | Identified the ring "Ruuzxuaj" {rN+ MR+} (You found it on
                  | level 11 of the Dungeon)
 15978 | D:12     | Found a staircase to the Orcish Mines.
 16093 | Lair:1   | Entered Level 1 of the Lair of Beasts
 16385 | Lair:1   | Reached skill level 7 in Fighting
 16812 | Lair:1   | Noticed Gastronok
 16823 | Lair:1   | Killed Gastronok
 16823 | Lair:1   | Reached skill level 3 in Armour
 16823 | Lair:1   | Reached skill level 6 in Evocations
 17410 | Lair:2   | Reached XP level 12. HP: 63/73 MP: 16/16
 17438 | Lair:2   | Identified the +1 scale mail of the Gravedigger {Dex+4}
                  | (You found it on level 11 of the Dungeon)
 17454 | Lair:2   | Reached skill level 11 in Staves
 17851 | Lair:2   | Reached skill level 8 in Fighting
 17862 | Lair:2   | Reached skill level 4 in Armour
 18004 | Lair:2   | Found a hole to the Spider Nest.
 18646 | Lair:3   | Noticed a catoblepas
 18688 | Lair:3   | Killed a catoblepas
 19111 | Lair:3   | Found a staircase to the Shoals.
 19121 | Lair:3   | Noticed a five-headed hydra
 19127 | Lair:3   | Killed a five-headed hydra
 19127 | Lair:3   | Reached skill level 12 in Staves
 19132 | Lair:3   | Reached skill level 9 in Fighting
 19132 | Lair:3   | Reached skill level 5 in Armour
 20051 | Lair:4   | Reached XP level 13. HP: 42/80 MP: 17/17
 20577 | Lair:4   | Got a scorched dagger
 20986 | Lair:5   | Identified the +7 dagger of Extinguishment {freeze, rPois
                  | MR- Str+10} (You found it on level 4 of the Lair of Beasts)
 21217 | Lair:5   | Reached ***** piety under Makhleb
 21217 | Lair:5   | Reached skill level 10 in Fighting
 21217 | Lair:5   | Reached skill level 13 in Staves
 21861 | Lair:6   | Entered Level 6 of the Lair of Beasts
 22074 | Lair:6   | Reached skill level 14 in Staves
 22135 | Lair:6   | Paralysed by a hornet for 3 turns
 22214 | Lair:6   | Reached skill level 6 in Dodging
 22478 | Lair:6   | Reached skill level 7 in Dodging
 22478 | Lair:6   | Reached XP level 14. HP: 88/88 MP: 18/18
 22488 | Lair:6   | Reached skill level 11 in Fighting
 22640 | Lair:6   | Reached skill level 8 in Dodging
 22743 | Lair:6   | Found a staircase to the Slime Pits.
 23046 | Lair:6   | Found a transporter.
 23051 | Lair:6   | Found a transporter.
 23051 | Lair:6   | Noticed Askman's ghost (novice TrMo)
 23097 | Lair:6   | Reached skill level 9 in Dodging
 23611 | D:12     | Reached skill level 12 in Fighting
 23730 | D:12     | Found the +8 arc blade {discharge, rElec}
 23777 | D:12     | Reached skill level 1 in Short Blades
 23881 | D:12     | Reached skill level 2 in Short Blades
 23955 | D:12     | Reached skill level 10 in Dodging
 23982 | D:12     | Reached ****** piety under Makhleb
 24007 | D:12     | Reached skill level 3 in Short Blades
 24217 | D:12     | Reached skill level 4 in Short Blades
 24443 | D:12     | Reached skill level 5 in Short Blades
 24791 | Orc:1    | Entered Level 1 of the Orcish Mines
 24791 | Orc:1    | Found Ufengy's Mayhem Merchandise.
 24860 | Orc:1    | Reached skill level 6 in Short Blades
 25121 | Orc:1    | Reached skill level 7 in Short Blades
 25135 | Orc:1    | Found a runed translucent gate.
 25135 | Orc:1    | Found a runed translucent gate.
 25135 | Orc:1    | Found a runed translucent gate.
 25147 | Orc:1    | Noticed P0WERM0DE's ghost (journeyman DDFi)
 25150 | Orc:1    | Found an iron altar of Okawaru.
 25729 | Orc:2    | Entered Level 2 of the Orcish Mines
 25966 | Orc:2    | Reached skill level 8 in Short Blades
 26201 | Orc:2    | Found Iwkieb's Antique Armour Shop.
 26266 | Orc:2    | Found Vugh's General Store.
 26276 | Orc:2    | Found Peehik's Distillery.
 26504 | Orc:1    | Reached XP level 15. HP: 57/97 MP: 19/19
 26765 | Orc:2    | Reached skill level 9 in Short Blades
 27223 | Orc:2    | Reached skill level 10 in Short Blades
 27490 | Orc:2    | Reached skill level 11 in Short Blades
 27526 | Orc:2    | Found a staircase to the Elven Halls.
 27653 | Orc:2    | Reached skill level 12 in Short Blades
 27696 | Orc:2    | Found Ecuifuny's Gadget Emporium.
 27696 | Orc:2    | Found Xecaboad's Antique Weapon Shoppe.
 27697 | Orc:2    | Found a one-way gate leading to the halls of Pandemonium.
 27703 | Orc:2    | Bought a wand of clouds (1) for 165 gold pieces
 27703 | Orc:2    | Bought a wand of acid (9) for 286 gold pieces
 27739 | Orc:2    | Bought a scroll of teleportation for 45 gold pieces
 27739 | Orc:2    | Bought a scroll of summoning for 142 gold pieces
 27741 | Orc:2    | Bought a potion of magic for 144 gold pieces
 27741 | Orc:2    | Bought a potion of might for 72 gold pieces
 27741 | Orc:2    | Bought a potion of mutation for 144 gold pieces
 27741 | Orc:2    | Bought a potion of haste for 180 gold pieces
 27754 | Orc:2    | Bought a potion of stabbing for 72 gold pieces
 27809 | Orc:1    | Bought a wand of iceblast (10) for 182 gold pieces
 27809 | Orc:1    | Bought a wand of iceblast (10) for 182 gold pieces
 27966 | D:13     | Reached skill level 13 in Short Blades
 28006 | D:13     | Noticed Rupert
 28015 | D:13     | Killed Rupert
 28015 | D:13     | Reached skill level 1 in Shields
 28048 | D:13     | Found a flagged portal.
 28095 | Bailey   | Entered a bailey
 28377 | Bailey   | Reached skill level 2 in Shields
 28728 | D:13     | Found a gate to the Vaults.
 28773 | D:13     | Found a shadowy altar of Dithmenos.
 28807 | D:13     | Identified 3 scrolls of acquirement
 28808 | D:13     | Acquired 2570 gold pieces
 28809 | D:13     | Acquired a manual of Short Blades
 28810 | D:13     | Acquired 830 gold pieces
 28832 | D:13     | Reached skill level 14 in Short Blades
 29021 | D:13     | Reached skill level 13 in Fighting
 29108 | D:13     | Noticed Josephine
 29118 | D:13     | Killed Josephine
 29118 | D:13     | Reached skill level 3 in Shields
 29794 | Orc:1    | Reached XP level 16. HP: 103/104 MP: 20/20
 29805 | Orc:1    | Reached skill level 4 in Shields
 29816 | Orc:1    | Killed P0WERM0DE's ghost
 29846 | Orc:1    | Identified the +4 scale mail of Neofawk {*Contam Harm rF+
                  | rCorr} (You found it on level 1 of the Orcish Mines)
 30322 | D:14     | Acquired the +7 rapier of the Spectre {flame, SInv}
 30372 | D:14     | Found a shimmering blue altar of Sif Muna.
 30396 | D:14     | Reached skill level 5 in Shields
 30402 | D:14     | Reached skill level 15 in Short Blades
 30403 | D:14     | Reached skill level 14 in Fighting
 30802 | D:15     | Entered Level 15 of the Dungeon
 31087 | D:15     | Reached skill level 16 in Short Blades
 31111 | D:15     | Reached skill level 6 in Shields
 31261 | D:15     | Found a staircase to the Depths.
 31568 | Spider:1 | Entered Level 1 of the Spider Nest
 31950 | Spider:1 | Reached XP level 17. HP: 112/112 MP: 21/21
 32009 | Spider:1 | Reached skill level 17 in Short Blades
 32230 | Spider:1 | Reached skill level 7 in Shields
 32245 | Spider:1 | Reached skill level 15 in Fighting
 32394 | Spider:1 | Found a runed translucent gate.
 32394 | Spider:1 | Found a runed translucent gate.
 32394 | Spider:1 | Found a runed translucent gate.
 32394 | Spider:1 | Noticed qipq's ghost (journeyman DEEE)
 32713 | Spider:2 | Reached skill level 18 in Short Blades
 32722 | Spider:2 | Noticed Arachne
 33060 | Spider:1 | Killed Arachne
 33368 | Spider:2 | Reached skill level 8 in Shields
 33604 | Spider:2 | Reached skill level 19 in Short Blades
 34648 | Spider:3 | Noticed Mara
 34673 | Spider:3 | Noticed EnegeticOcto's illusion
 34834 | Spider:3 | Noticed EnegeticOcto's illusion
 35288 | Spider:3 | Noticed EnegeticOcto's illusion
 35428 | Spider:3 | Noticed EnegeticOcto's illusion
 35585 | Spider:3 | Noticed EnegeticOcto's illusion
 35799 | Spider:3 | Killed Mara
 35799 | Spider:3 | Reached skill level 6 in Armour
 35799 | Spider:3 | Reached skill level 9 in Shields
 35799 | Spider:3 | Reached skill level 7 in Evocations
 35799 | Spider:3 | Reached XP level 18. HP: 119/119 MP: 22/22
 36110 | Spider:3 | Noticed Nikola
 36625 | Spider:2 | Killed Nikola
 36716 | Spider:3 | Reached skill level 20 in Short Blades
 36849 | Spider:3 | Identified the cursed +0 chain mail "Kiczy" {rPois rN++
                  | Str+2 Dex-2} (You found it on level 3 of the Spider Nest)
 36896 | Spider:3 | Reached skill level 8 in Evocations
 37113 | Spider:4 | Entered Level 4 of the Spider Nest
 37298 | Spider:4 | Noticed Roxanne
 37563 | Spider:4 | Noticed Louise
 37604 | Spider:4 | Killed Louise
 37724 | Spider:4 | Noticed Kirke
 37744 | Spider:4 | Killed Kirke
 37744 | Spider:4 | Reached skill level 7 in Armour
 38230 | Spider:4 | Reached skill level 7 in Stealth
 38409 | Spider:4 | Reached skill level 10 in Shields
 38546 | Spider:4 | Reached skill level 9 in Evocations
 38883 | Spider:4 | Reached XP level 19. HP: 124/124 MP: 23/23
 38884 | Spider:4 | Reached skill level 8 in Stealth
 39219 | Spider:4 | Got a gossamer rune of Zot
 39406 | Shoals:1 | Entered Level 1 of the Shoals
 40230 | Shoals:2 | Found Saarghin's Book Boutique.
 40491 | Shoals:2 | Identified the +4 quarterstaff of Duorock {flame, +Fly rF-
                  | Str+4}
 40619 | Shoals:2 | Reached skill level 9 in Stealth
 40945 | Shoals:2 | Reached skill level 11 in Shields
 40963 | Shoals:2 | Reached skill level 8 in Armour
 40963 | Shoals:2 | Reached skill level 10 in Evocations
 41181 | Shoals:2 | Noticed a titan
 41307 | Shoals:2 | Killed a titan
 42151 | Shoals:3 | Reached skill level 10 in Stealth
 42620 | Shoals:4 | Entered Level 4 of the Shoals
 42751 | Shoals:4 | Noticed Ilsuiw
 42754 | Shoals:4 | Reached skill level 16 in Fighting
 42755 | Shoals:4 | Reached XP level 20. HP: 131/131 MP: 24/24
 42887 | Shoals:4 | Noticed Polyphemus
 42898 | Shoals:4 | Killed Ilsuiw
 42926 | Shoals:4 | Killed Polyphemus
 42977 | Shoals:4 | Reached skill level 11 in Evocations
 43387 | Shoals:4 | Reached skill level 12 in Shields
 43632 | Shoals:4 | Reached skill level 11 in Stealth
 44000 | Shoals:4 | Identified the +5 scale mail of Zocaunut {rF+ rN++ Int-4
                  | Dex+4}
 44193 | Shoals:4 | Reached skill level 9 in Armour
 44381 | Shoals:4 | Identified the +11 shortbow "Orb Guardian's Peril" {flame,
                  | *Corrode rC+ MP+9 Dex+2}
 44570 | Shoals:4 | Got a barnacled rune of Zot
 44913 | Elf:1    | Entered Level 1 of the Elven Halls
 45285 | Elf:1    | Found Liugypra's Assorted Antiques.
 45291 | Elf:1    | Bought a potion of stabbing for 108 gold pieces
 45291 | Elf:1    | Bought a potion of might for 108 gold pieces
 45336 | Elf:1    | Noticed a Hell Sentinel
 45374 | Elf:1    | Identified the Papyrus of the Entourage
 45751 | Elf:1    | Reached XP level 21. HP: 125/137 MP: 20/25
 45911 | Elf:2    | Reached skill level 12 in Stealth
 45964 | Elf:2    | Noticed Saint Roka
 45970 | Elf:2    | Reached skill level 5 in Throwing
 46039 | Elf:2    | Reached skill level 12 in Evocations
 46105 | Elf:2    | Killed Saint Roka
 46452 | Elf:2    | Reached skill level 13 in Shields
 46489 | Elf:2    | Found a large runed translucent door.
 46489 | Elf:2    | Found a large runed translucent door.
 46524 | Elf:2    | Found a large runed translucent door.
 46524 | Elf:2    | Found a large runed translucent door.
 46784 | Elf:3    | Entered Level 3 of the Elven Halls
 46912 | Elf:3    | Noticed Bai Suzhen
 46978 | Elf:3    | Killed Bai Suzhen
 47292 | Elf:3    | Reached skill level 6 in Throwing
 47308 | Elf:3    | Identified the cursed +0 robe "Wues" {rN++ Int-5 Dex+4
                  | Stlth+}
 47337 | Elf:3    | Noticed a Tzitzimitl
 47346 | Elf:3    | Reached skill level 17 in Fighting
 47378 | Elf:3    | Reached skill level 13 in Stealth
 47402 | Elf:3    | Reached skill level 10 in Armour
 47430 | Elf:3    | Killed from afar by a deep elf annihilator

Illustrated notes

Levels and vault maps discovered:
D:1:      dpeg_arrival_rooms_a, layout_basic
D:2:      layout_loops_ring, st_stairs_9
D:3:      layout_basic, vehumet_crystals, nicolae_overflow_hidden_temple,
          led_sif_book, chequers_ecumenical_altar_lobes, chequers_avenue
D:4:      layout_loops_ring, old_standard_altar, minmay_temple_entry_mist
D:5:      layout_basic, nicolae_ossuary_entry_false_entrances
D:6:      layout_cave_pools, tso_altar, kiku_gazebo_pond_becter
D:7:      lemuel_ice_spiral_2, layout_basic, nicolae_ru_the_path_less_chosen,
          tgw_fedhas, basic_altar
D:8:      layout_basic, kennysheep_little_box, uniq_psyche
D:9:      nicolae_whirlpool, layout_basic, lemuel_round_altar, lair_entry_dummy
D:10:     layout_stronghold, minmay_misc_feat_diagonals
D:11:     minmay_wavy_crystal, layout_irregular_city, serial_shops,
          nicolae_shop_stone, minmay_misc_feat_roman
D:12:     minmay_shoctagon, layout_long_grid, david_orc_3, serial_undead,
          serial_undead_f, serial_undead_f, serial_undead_c, serial_undead_c,
          serial_undead_f, minmay_circle_x
D:13:     layout_roguey, david_vaults_4, enter_bailey_3,
          nicolae_dithmenos_the_darkroom, uniq_josephine, uniq_rupert
D:14:     layout_roguey, minmay_misc_feat_more_columns, basic_altar
D:15:     grunt_enter_depths_magical_seal, layout_cave_pools,
          minmay_misc_feat_iff
Temple:   nicolae_temple_figure_zero
Lair:1:   layout_roguey, hangedman_lair_unloving_vines, uniq_gastronok
Lair:2:   layout_gridlike, spider_nest_entry_a, guppyfry_lair_drakes
Lair:3:   layout_hall_layers, minmay_shoals_entry_beasts
Lair:4:   layout_loops_ring, grunt_megastairs_5
Lair:5:   layout_gridlike
Lair:6:   minmay_lair_end_enchanted_forest, layout_long_grid,
          minmay_slime_entry_jelly_boxes, gammafunk_ghost_arena,
          lemuel_fruit_fields
Shoals:1: layout_shoals
Shoals:2: cheibrodos_shoals_gigantism, layout_shoals, serial_shops, shop_coins
Shoals:3: layout_shoals
Shoals:4: shoals_end_simple, layout_shoals, shoals_ilsuiw_ice, uniq_polyphemus
Spider:1: layout_spider_delve, ebering_ghost_rock_garden
Spider:2: layout_spider_delve, uniq_arachne
Spider:3: nicolae_spider_mines_3, nicolae_spider_cling_ruins, uniq_nikola,
          uniq_mara
Spider:4: floodkiller_spider_rune_tomb, hangedman_spider_mandibles,
          uniq_roxanne, uniq_louise, uniq_kirke
Orc:1:    layout_caves, gammafunk_ghost_fury_of_okawaru, minmay_shop_mayhem,
          nicolae_orc_stony_grotto
Orc:2:    pf_orc_diabolical, layout_caves, serial_shops, shop
Elf:1:    layout_loops_cross, serial_shops, shop, minmay_elf_demonology
Elf:2:    layout_geoelf_octagon, uniq_saint_roka, uniq_azrael
Elf:3:    grunt_elf_hall_spiral, layout_onion_city, nicolae_elf_stone_circles,
          uniq_bai_suzhen

Skill      XL: |  1  2  3  4  5  6  7  8  9 10 11 12 13 14 15 16 17 18 19 20 21 |
---------------+----------------------------------------------------------------+-----
Stealth        | 2 3 5 6 7 10 11 13 | 13.1
Fighting       | 2 3 6 7 9 10 12 13 14 15 16 17 | 17.1
Evocations     | 4 6 7 9 10 11 12 | 12.0
Throwing       | 2 3 4 6 |  6.6
Invocations    | 2 4 6 |  6.0
Slings         | 2 4 5 |  5.1
Dodging        | 3 5 7 10 | 10.0
Staves         | 4 9 10 12 14 | 14.0
Armour         | 3 5 6 7 8 9 10 | 10.0
Short Blades   | 8 14 16 19 20 | 20.1
Shields        | 3 6 9 10 11 12 13 | 13.4

Action                   |  1- 3 |  4- 6 |  7- 9 | 10-12 | 13-15 | 16-18 | 19-21 || total
-------------------------+-------+-------+-------+-------+-------+-------+-------++-------
Melee: Club              |    85 |   177 |       |       |       |       |       ||   262
       Quarterstaff      |       |       |    22 |   638 |   933 |       |       ||  1593
       Rapier            |       |       |       |       |   587 |  1312 |  1493 ||  3392
 Fire: Hunting sling     |       |    25 |   438 |   548 |       |       |       ||  1011
Throw: Stone             |    16 |    13 |       |       |       |       |       ||    29
       Boomerang         |       |    50 |    99 |    82 |    63 |   371 |    83 ||   748
       Dart              |       |     3 |    35 |    41 |       |     5 |     4 ||    88
Invok: Minor Destruction |       |       |       |    24 |     7 |       |       ||    31
       Lesser Servant of |       |       |       |     5 |     6 |     6 |       ||    17
Evoke: Wand              |    13 |     5 |    11 |    26 |    14 |    22 |    21 ||   112
       Lightning rod     |       |       |       |     6 |    13 |     4 |     8 ||    31
       Tin of tremorston |       |       |       |     3 |     6 |    14 |    16 ||    39
  Use: Potion            |     1 |       |     1 |     1 |     3 |    10 |    13 ||    29
       Scroll            |       |     9 |     9 |    10 |    23 |    11 |    12 ||    74
 Stab: Sleeping          |     2 |     3 |       |     5 |     8 |       |    11 ||    29
       Distracted        |       |     1 |       |     2 |       |     1 |     1 ||     5
       Paralysed         |       |       |       |     6 |     3 |     2 |     1 ||    12
       Petrified         |       |       |       |     1 |       |       |     1 ||     2
       Invisible         |       |       |       |       |     4 |     6 |     3 ||    13
       Held in net/web   |       |       |       |       |       |     1 |     1 ||     2
       Petrifying        |       |       |       |       |       |       |     1 ||     1
Armor: Leather armour    |    15 |    20 |       |       |       |       |       ||    35
       Scale mail        |       |    53 |   114 |   302 |   225 |       |       ||   694
       Storm dragon scal |       |       |       |       |   158 |    81 |       ||   239
       Plate armour      |       |       |       |       |       |   572 |   437 ||  1009
Dodge: Dodged            |    58 |   154 |   241 |   560 |   710 |   335 |   303 ||  2361
Block: Other             |       |       |       |       |   214 |       |       ||   214
       Reflection        |       |       |       |       |    11 |    20 |   163 ||   194
       Buckler           |       |       |       |       |    89 |     9 |       ||    98
       Kite shield       |       |       |       |       |       |  1350 |  1378 ||  2728

Table legend: (Time is in decaauts)
 A = Elapsed time spent in this place.
 B = Non-inter-level travel time spent in this place.
 C = Inter-level travel time spent in this place.
 D = Time resting spent in this place.
 E = Time spent auto-exploring this place.
 F = Levels seen in this place.
 G = Mean time per level.
                   A        B        C        D        E       F      G
               +--------+--------+--------+--------+--------+-----+--------+
         Total |  46039 |  43072 |   2967 |   6912 |  25235 |  37 | 1244.3 |
       Dungeon |  19226 |  17675 |   1551 |   2481 |  10719 |  15 | 1281.7 |
        Temple |    135 |    113 |     22 |      0 |    103 |   1 |  135.0 |
          Lair |   7487 |   6995 |    492 |    633 |   4595 |   6 | 1247.8 |
        Shoals |   5227 |   5064 |    163 |    480 |   3390 |   4 | 1306.8 |
   Spider Nest |   7198 |   6803 |    395 |   2222 |   2921 |   4 | 1799.5 |
  Orcish Mines |   3288 |   2989 |    299 |    471 |   1831 |   2 | 1644.0 |
   Elven Halls |   2188 |   2144 |     44 |    234 |   1254 |   3 |  729.3 |
       Ossuary |    919 |    919 |      0 |    323 |    280 |   1 |  919.0 |
        Bailey |    367 |    367 |      0 |     68 |    141 |   1 |  367.0 |
               +--------+--------+--------+--------+--------+-----+--------+

Top non-repeatable levels by time:
Spider:2: 2720 daAuts
     D:2: 2127 daAuts
Spider:4: 2054 daAuts
     D:5: 1780 daAuts
     D:9: 1683 daAuts
Shoals:4: 1676 daAuts
   Orc:2: 1659 daAuts
  Lair:2: 1637 daAuts
   Orc:1: 1628 daAuts
     D:7: 1610 daAuts
     D:1: 1540 daAuts
     D:3: 1502 daAuts
Shoals:2: 1497 daAuts
  Lair:6: 1369 daAuts
    D:12: 1350 daAuts
